 Dungeon Crawl Stone Soup version 0.23.0-28-g6fe0f4d (webtiles) character file.

Game seed: 8474498451744730811

252 Lanoc the Insei (level 6, -1/39 HPs)
             Began as an Octopode Transmuter on Feb 26, 2019.
             Was an Initiate of Ru.
             Splashed by a jelly's acid (11 damage)
             ... on level 5 of the Dungeon.
             The game lasted 00:07:17 (4621 turns).

Lanoc the Insei (Octopode Transmuter)               Turns: 4621, Time: 00:07:18

Health: -1/39      AC: -7    Str: 10    XL:     6   Next: 13%
Magic:  18/19      EV: 14    Int: 16    God:    Ru [......]
Gold:   258        SH:  0    Dex: 13    Spells: 3/10 levels left

rFire    x . .     SeeInvis .     - Unarmed
rCold    + + .     Gourm    .   (no shield)
rNeg     . . .     Faith    .   (helmet restricted)
rPois    .         Spirit   .   (no amulet)
rElec    .         Reflect  .   j - ring of magical power
rCorr    .         Harm     .   m - ring of protection from cold
MR       .....                  p - ring of ice
Stlth    ++........             u - +3 ring of slaying
HPRegen  0.13/turn              (no ring)
MPRegen  0.16/turn              (no ring)
                                (no ring)
                                (no ring)

@: corroded, very slightly contaminated
A: almost no armour, stealthy swim, amphibious, 8 rings, constrict 8, camouflage
1, gelatinous body 1
a: Renounce Religion


You were on level 5 of the Dungeon.
You worshipped Ru.
Ru was noncommittal.
You were hungry.

You visited 2 branches of the dungeon, and saw 6 of its levels.

You collected 258 gold pieces.

Inventory:

Missiles
 a - 59 arrows
Jewellery
 j - a ring of magical power (left tentacle)
 m - a ring of protection from cold (right tentacle)
 p - a ring of ice (on tentacle)
 u - a +3 ring of slaying (on tentacle)
Wands
 s - a wand of polymorph (6)
Scrolls
 g - 2 scrolls of random uselessness {unknown}
 h - 2 scrolls of blinking {unknown}
 i - 2 scrolls of fear {unknown}
 l - 3 scrolls of magic mapping
 n - 4 scrolls of remove curse
 o - a scroll of amnesia {unknown}
 q - a scroll of fog {unknown}
 r - a scroll of enchant weapon {unknown}
 t - 2 scrolls of teleportation {unknown}
Potions
 b - a potion of cancellation
 d - 3 potions of curing
 e - a potion of flight
 f - 2 potions of agility
 k - 2 potions of mutation
Comestibles
 c - 10 rations


   Skills:
 + Level 2.2 Fighting
 + Level 2.8 Dodging
 * Level 4.4 Unarmed Combat
 + Level 2.8 Spellcasting
 * Level 3.6 Transmutations


You had 3 spell levels left.
You knew the following spells:

 Your Spells              Type           Power        Failure   Level  Hunger
a - Beastly Appendage     Tmut           ##....       4%          1    #......
b - Sticks to Snakes      Tmut           ##......     7%          2    ##.....
c - Ice Form              Ice/Tmut       ##......     65%         4    #####..

Your spell library contained the following spells:

 Spells                   Type           Power        Failure   Level  Hunger
 Spider Form              Tmut/Pois      #.........   26%         3    ###....
 Blade Hands              Tmut           ##........   77%         5    ######.


Dungeon Overview and Level Annotations

Branches:
Dungeon (5/15)             Temple (1/1) D:4

Altars:
Ashenzari
Cheibriados
Dithmenos
Elyvilon
Fedhas
Gozag
Hepliaklqana
Kikubaaqudgha
Makhleb
Nemelex Xobeh
Okawaru
Qazlal
Ru
Sif Muna
Uskayaw
Vehumet
Wu Jian
Xom
Yredelemnul
Zin
The Shining One

Annotations:
D:3 1 runed translucent door, Crazy Yiuf


Innate Abilities, Weirdness & Mutations

You cannot wear most types of armour.
You are very stealthy in the water. (Stealth+)
You are amphibious.
You can wear up to eight rings at the same time.
You can use your tentacles to constrict eight enemies at once.
Your skin changes colour to match your surroundings (Stealth+).
Your rubbery body absorbs attacks. (AC +1, EV +1)


Message History

You are splashed with acid!
* * * LOW HITPOINT WARNING * * *
You swap places.
The jelly hits your ball python.
Your ball python is splashed with acid.
The acid corrodes your ball python!
Your ball python dies!
Okay, then.
Casting: Sticks to Snakes (safe; 7% risk of failure)
Confirm with . or Enter, or press ? or * to list all spells.
You miscast Sticks to Snakes.
You are very lightly contaminated with residual magic.
You feel a strange surge of energy!
The jelly jiggles.
The jelly jiggles.
Your transformation is almost over.
The jelly jiggles.
Your tentacle spike disappears.
You feel better. The jelly hits you.
* * * LOW HITPOINT WARNING * * *
The acid corrodes you!
You are splashed with acid!
You die...

########......#
#......#..#####
#......#..##..#
#......#......#
+......#..>...#
#...(..#......#
####......#......#
......#####..##.<#
......#..##..##J@#
......#..........#
......#..........#
......#..........#
.................#
........#######..#
..######.....##..#
.. #.....#.<.# ..
#.....#...#


You could see a jelly.

Vanquished Creatures
  A water moccasin zombie (D:5)
  A hound (D:4)
  A worker ant (D:4)
  A hound skeleton (D:4)
  2 adders
  An ooze (D:1)
  2 worms
  A leopard gecko (D:1)
  5 orcs
  4 bats
  3 giant cockroaches
  5 goblins
  5 hobgoblins
  7 jackals
  4 kobolds
  2 quokkas (D:4)
  4 frilled lizards
  4 rats
53 creatures vanquished.

Vanquished Creatures (collateral kills)
  An ogre (D:4)
  A leopard gecko (D:4)
  An orc (D:3)
  A quokka (D:4)
  A ball python (D:4)
  A kobold (D:3)
6 creatures vanquished.

Grand Total: 59 creatures vanquished

Notes
Turn   | Place    | Note
-------+----------+-------------------------------------------
     0 | D:1      | Lanoc the Octopode Transmuter began the quest for the Orb.
     0 | D:1      | Reached XP level 1. HP: 13/13 MP: 3/3
   130 | D:1      | Reached XP level 2. HP: 4/18 MP: 3/5
   616 | D:1      | Reached XP level 3. HP: 13/23 MP: 6/6
   649 | D:1      | Learned a level 2 spell: Sticks to Snakes
  2340 | D:3      | Reached XP level 4. HP: 11/28 MP: 7/7
  2997 | D:3      | Learned a level 4 spell: Ice Form
  3270 | D:3      | Found a runed translucent door.
  3271 | D:3      | Noticed Crazy Yiuf
  3504 | D:4      | Reached skill level 4 in Unarmed Combat
  3504 | D:4      | Reached XP level 5. HP: 5/34 MP: 8/8
  3794 | D:4      | Found a staircase to the Ecumenical Temple.
  3871 | Temple   | Entered the Ecumenical Temple
  3939 | Temple   | Became a worshipper of Ru the Awakened
  4217 | D:4      | Noticed an ogre
  4238 | D:4      | Killed an ogre
  4551 | D:5      | Entered Level 5 of the Dungeon
  4557 | D:5      | Reached XP level 6. HP: 39/39 MP: 10/10
  4602 | D:5      | HP: 1/39 [acid (7)]
  4621 | D:5      | Splashed by a jelly's acid

Skill      XL: |  1  2  3  4  5 |
---------------+----------------+-----
Transmutations | 3 |  3.6
Unarmed Combat | 4 |  4.4
Fighting       | 2 |  2.2
Dodging        | |  2.8
Spellcasting   | |  2.8

Action                   |  1- 3 |  4- 6 || total
-------------------------+-------+-------++-------
Melee: Unarmed           |    74 |    53 ||   127
       Constrict         |    20 |    14 ||    34
       Kick              |    12 |    22 ||    34
       Tentacles         |     9 |    10 ||    19
       Punch             |     3 |     2 ||     5
 Cast: Beastly Appendage |    20 |    11 ||    31
       Sticks to Snakes  |     6 |     6 ||    12
  Use: Scroll            |       |     7 ||     7
       Potion            |       |     1 ||     1
 Stab: Sleeping          |       |     3 ||     3
  Eat: Chunk             |     5 |     7 ||    12
Armor: Skin              |     1 |     8 ||     9
Dodge: Dodged            |    39 |    30 ||    69
